 Dungeon Crawl Stone Soup version 0.32-a0-128-g77eb882913 (webtiles) character file.

Game seed: 13153067193607282544

47 IdlyInterested the Cutter (level 3, -10/29 HPs)
             Began as a Demonspawn Fighter on Feb 7, 2024.
             Killed by nerve-wracking pain
             ... invoked by Jessica
              (13 damage)
             ... on level 2 of the Dungeon.
             The game lasted 00:02:50 (922 turns).

IdlyInterested the Cutter (Demonspawn Fighter)       Turns: 922, Time: 00:02:51

Health: -10/29     AC:  4    Str: 15 (16) XL:     3   Next: 48%
Magic:  3/3        EV: 10    Int:  5 (8)  God:
Gold:   47         SH:  4    Dex: 12 (14) Spells: 2/2 levels left

rFire   . . .        a - +0 rapier
rCold   . . .        c - +0 buckler
rNeg    . . .        k - +0 leather armour {rPois}
rPois   +            (no helmet)
rElec   .            (no cloak)
rCorr   .            (no gloves)
SInv    .            (no boots)
Will    .....        (no amulet)
Stlth   +            (no ring)
HPRegen 0.24/turn    (no ring)
MPRegen 0.08/turn

%: no passive effects
@: no status effects
A: rugged brown scales 1
a: no special abilities


You were on level 2 of the Dungeon.
You visited 1 branch of the dungeon, and saw 2 of its levels.

You collected 47 gold pieces.

Inventory:

Hand Weapons
 a - a +0 rapier (weapon)
 n - a +0 dagger of protection
Missiles
 e - 16 stones (quivered)
 l - 5 poisoned darts
Armour
 b - a +0 scale mail
 c - a +0 buckler (worn)
 k - a +0 leather armour of poison resistance (worn)
Scrolls
 f - a scroll of brand weapon {unknown}
 h - a scroll of identify {unknown}
 i - a scroll of noise {unknown}
 j - a scroll of revelation {unknown}
 m - a scroll of teleportation {unknown}
 o - a scroll of immolation {unknown}
Potions
 d - a potion of might


   Skills:
 - Level 3.0 Fighting
 * Level 3.1 Short Blades
 + Level 0.9 Throwing
 - Level 3.0 Armour
 - Level 2.6 Shields


You had 2 spell levels left.
You didn't know any spells.
Your spell library contained the following spells:

 Spells                   Type           Power      Damage    Failure   Level
 Call Imp                 Summ           0%         N/A       78%         2
 Sublimation of Blood     Necr           0%         N/A       78%         2
 Ozocubu's Armour         Ice            0%         N/A       95%         3
 Metabolic Englaciation   Hex/Ice        0%         N/A       100%        5
 Sculpt Simulacrum        Ice/Alch       0%         N/A       100%        6
 Summon Hydra             Summ           0%         N/A       100%        7


Dungeon Overview and Level Annotations

Branches:
Dungeon (2/15)

Altars:

Annotations:
D:2 Jessica, Robin


Innate Abilities, Weirdness & Mutations

You are partially covered in rugged brown scales. (AC +1, +3% HP)


Message History

You hit Jessica.
Jessica is severely wounded.
Jessica closely misses you. You block Jessica's attack.
Robin roars a battlecry!
The goblins go into a battle-frenzy!
You block the goblin's attack.
You hear a shout! x2
You barely miss Jessica.
Jessica is severely wounded.
You hear an angry hiss.
You block Jessica's attack. The goblin hits you but does no damage.
Jessica barely misses you.
You hit Jessica.
Jessica is severely wounded.
Jessica zaps a wand.
The puff of flame misses you.
The puff of flame hits the goblin.
The goblin dies!
Robin throws the goblin at you! You block the goblin's attack.
Unknown command.
You hit Jessica but do no damage.
Jessica is severely wounded.
Jessica zaps a wand.
The puff of flame hits you!
A hobgoblin comes into view.
The goblin closely misses you.
Jessica zaps a wand.
The puff of flame hits you.
Unknown command.
You closely miss Jessica.
Jessica is severely wounded.
Jessica hits you but does no damage. The goblin barely misses you.
Jessica zaps a wand.
The puff of flame hits you.
* * * LOW HITPOINT WARNING * * *
Unknown command.
It was a potion of curing.
You feel better. The goblin completely misses you.
Jessica zaps a wand.
The puff of flame hits you!
* * * LOW HITPOINT WARNING * * *
It was a potion of degeneration.
There was something very wrong with that liquid.
You feel weakened.
You feel dopey.
You feel clumsy. Jessica casts a spell at you. Pain shoots through your body!
You die...

..g.... ....##........
g......###..###.......
g.gg.........####...##
.g.....##.....#.......
.@...............†....
...#....##.........
#...######..####
#####g..# #...###
#bg@@g..# #......
#..###g..# ##..... #..
##### #..... ...
#..... .## #.....
#..... ###.#. #†#.
#†#.


You could see Robin, Jessica (fast), a hobgoblin (strong), 2 goblins and a bat.

Vanquished Creatures
  2 dart slugs (D:1)
  5 endoplasms (D:1)
  7 goblins
  8 hobgoblins
  3 jackals (D:2)
  2 quokkas (D:1)
  A ball python (D:1)
  3 bats (D:1)
  3 frilled lizards
  3 kobolds (D:1)
  2 rats (D:1)
39 creatures vanquished.

Vanquished Creatures (others)
  A goblin (D:2)
1 creature vanquished.

Grand Total: 40 creatures vanquished

Notes
Turn   | Place    | Note
-------+----------+-------------------------------------------
     0 | D:1      | IdlyInterested the Demonspawn Fighter began the quest for
                  | the Orb.
     0 | D:1      | Reached XP level 1. HP: 18/18 MP: 1/1
   172 | D:1      | Gained mutation: You are partially covered in rugged brown
                  | scales. (AC +1, +3% HP) [demonic ancestry]
   172 | D:1      | Reached XP level 2. HP: 15/24 MP: 2/2
   540 | D:1      | Reached XP level 3. HP: 29/29 MP: 3/3
   895 | D:2      | Noticed Robin
   895 | D:2      | Noticed Jessica
   922 | D:2      | Killed from afar by Jessica

Illustrated notes

Levels and vault maps discovered:
D:1:      scummos_arrival_gate, layout_loops_ring, minmay_misc_feat_x
D:2:      layout_rooms, minmay_misc_feat_diagonals, uniq_jessica, uniq_natasha,
          uniq_robin

Skill      XL: |  1  2  3 |
---------------+----------+-----
Short Blades   | 2 3 |  3.1
Armour         | 3 |  3.0
Fighting       | |  3.0
Throwing       | |  0.9
Shields        | |  2.6

Action                     || total
---------------------------++-------
  Melee: Rapier            ||   127
    Use: Potion            ||     2
 Armour: Scale mail        ||    38
         Leather armour    ||    50
  Dodge: Dodged            ||    68
  Block: Buckler           ||    30

Table legend: (Time is in decaauts)
 A = Elapsed time spent in this place.
 B = Non-inter-level travel time spent in this place.
 C = Inter-level travel time spent in this place.
 D = Time resting spent in this place.
 E = Time spent auto-exploring this place.
 F = Levels seen in this place.
 G = Mean time per level.
                   A        B        C        D        E       F      G
               +--------+--------+--------+--------+--------+-----+--------+
         Total |    935 |    883 |     52 |     97 |    450 |   2 |  467.5 |
       Dungeon |    935 |    883 |     52 |     97 |    450 |   2 |  467.5 |
               +--------+--------+--------+--------+--------+-----+--------+

Top non-repeatable levels by time:
     D:1: 819 daAuts
     D:2: 116 daAuts
